 Dungeon Crawl Stone Soup version 0.21-a0-625-g1119ec1 (webtiles) character file.

51 mortelune the Conjurer (level 3, 0/20 HPs)
             Began as a Deep Elf Conjurer on Dec 24, 2017.
             Succumbed to an adder's poison
             ... on level 2 of the Dungeon.
             The game lasted 00:06:07 (1650 turns).

mortelune the Conjurer (Deep Elf Conjurer)          Turns: 1650, Time: 00:06:07

Health: 0/20       AC:  3    Str:  5    XL:     3   Next: 57%
Magic:  8/10       EV: 18    Int: 20    God:
Gold:   40         SH:  0    Dex: 20    Spells: 3/9 levels left

rFire    . . .     SeeInvis .   e - +0 club
rCold    . . .     Gourm    .   (no shield)
rNeg     . . .     Faith    .   a - +0 robe
rPois    .         Spirit   .   (no helmet)
rElec    .         Reflect  .   (no cloak)
rCorr    .         Harm     .   l - +0 pair of gloves
MR       .....                  (no boots)
Stlth    +++.......             (no amulet)
HPRegen  0.06/turn              (no ring)
MPRegen  0.12/turn              (no ring)

@: agile, lethally poisoned (0 -> -6), hasted, very quick
A: no striking features
a: no special abilities


You were on level 2 of the Dungeon.
You were not hungry.

You visited 1 branch of the dungeon, and saw 2 of its levels.

You collected 40 gold pieces.

Inventory:

Hand Weapons
 e - a +0 club (weapon)
 g - a +0 hunting sling
Missiles
 k - 92 stones (quivered)
Armour
 a - a +0 robe (worn)
 l - a +0 pair of gloves (worn)
Scrolls
 d - 4 scrolls of identify
 j - a scroll of remove curse
Potions
 i - a potion of agility
Books
 b - a book of Conjurations

   Spells                             Type                      Level
   a - Magic Dart                     Conjuration                  1
   b - Searing Ray                    Conjuration                  2
   c - Dazzling Spray                 Conjuration/Hexes            3
   d - Fulminant Prism                Conjuration/Hexes            4
   e - Force Lance                    Conjuration/Translocation    4
   f - Iskenderun's Mystic Blast      Conjuration                  4
Comestibles
 c - 4 rations
 h - 3 chunks of flesh


   Skills:
 + Level 1.0 Fighting
 - Level 2.4 Dodging
 - Level 2.4 Stealth
 + Level 3.7 Spellcasting
 * Level 5.1 Conjurations
 + Level 0.8 Hexes


You had 3 spell levels left.
You knew the following spells:

 Your Spells              Type           Power        Failure   Level  Hunger
a - Magic Dart            Conj           ###.         1%          1    None
b - Searing Ray           Conj           ###...       2%          2    ##.....
c - Dazzling Spray        Conj/Hex       ###...       12%         3    ###....


Dungeon Overview and Level Annotations

Branches:
Dungeon (2/15)

Altars:


Message History

It is a scroll of identify.
j - a scroll of remove curse
* * * LOW HITPOINT WARNING * * *
You feel sick.
Found 7 gold pieces.
Found a stone staircase leading down.
Some of the chunks of flesh in your inventory have rotted away.
Found a hand axe.
* * * LOW HITPOINT WARNING * * *
You feel sick.
* * * LOW HITPOINT WARNING * * *
You feel sick.
* * * LOW HITPOINT WARNING * * *
You feel sick.
You see here a hand axe.
Found 10 gold pieces and a scroll labeled FIVOBUZISE.
* * * LOW HITPOINT WARNING * * *
You feel sick.
You see here 10 gold pieces.
There is a lethal amount of poison in your body!
You die...

#.###.. ########.#
#.. #.......)###..
#.#######...#. ###
. ##.##. ?.# .#
#.#.. ##.##.##
####.#.. #....#..
.$##.#.. #@.# ..#
#.##.#). #..# #.#
#.##†#.#
#..###.####.##.#.#
#...)............#
#.####......##..##
#.# ######.###.#
#.# #.# #.# #.#
#.# #.# #.. ..#
#.#


There were no monsters in sight!

Vanquished Creatures
  An adder (D:2)
  2 worms (D:2)
  4 dart slugs
  A bat (D:1)
  2 giant cockroaches
  2 goblins (D:1)
  3 hobgoblins
  8 kobolds
  3 frilled lizards
  5 rats
31 creatures vanquished.

Notes
Turn   | Place    | Note
-------+----------+-------------------------------------------
     0 | D:1      | mortelune the Deep Elf Conjurer began the quest for the Orb.
     0 | D:1      | Reached XP level 1. HP: 10/10 MP: 6/6
   465 | D:1      | Reached XP level 2. HP: 16/16 MP: 4/8
   469 | D:1      | Learned a level 2 spell: Searing Ray
  1258 | D:2      | Reached skill level 5 in Conjurations
  1278 | D:2      | Reached XP level 3. HP: 20/20 MP: 6/10
  1283 | D:2      | Learned a level 3 spell: Dazzling Spray
  1491 | D:2      | Reached skill level 1 in Fighting
  1642 | D:2      | HP: 1/20 [poisoned by an adder]
  1650 | D:2      | Succumbed to an adder's poison

Vault maps used:
D:1:      roderic_crossed_star, minivault_4
D:2:      first_ration

Skill      XL: |  1  2  3 |
---------------+----------+-----
Conjurations   | 5 |  5.1
Fighting       | 1 |  1.0
Dodging        | |  2.4
Stealth        | |  2.4
Spellcasting   | |  3.7
Hexes          | |  0.8

Action                   || total
-------------------------++-------
 Cast: Magic Dart        ||    50
       Searing Ray       ||     9
  Use: Potion            ||     2
       Scroll            ||     1
  Eat: Chunk             ||     2
Armor: Robe              ||     1
Dodge: Dodged            ||     4

Table legend:
 A = Spawn XP
 B = Non-spawn XP
 C = Spawn XP percentage of total XP
 D = Spawn monster count
 E = Non-spawn monster count
 F = Spawn count percentage of total count
 G = Total turns spent on level
                    A         B        C        D         E        F      G
               +---------+---------+-------+---------+---------+-------+---------
         Total |       0 |      73 |   0.0 |       0 |      31 |   0.0 |  1650
               +---------+---------+-------+---------+---------+-------+---------
           D:1 |       0 |      37 |   0.0 |       0 |      20 |   0.0 |  1257
           D:2 |       0 |      36 |   0.0 |       0 |      11 |   0.0 |   393
               +---------+---------+-------+---------+---------+-------+---------
